 Dungeon Crawl Stone Soup version 0.31-a0-441-g867994ef1c (webtiles) character file.

Game seed: 15607045300509212734

46 randomguy2701 the Chopper (level 3, -1/33 HPs)
             Began as a Hill Orc Monk on Aug 2, 2023.
             Slain by a gnoll
             ... wielding a +0 whip
              (8 damage)
             ... on level 2 of the Dungeon.
             The game lasted 00:01:41 (857 turns).

randomguy2701 the Chopper (Hill Orc Monk)            Turns: 857, Time: 00:01:42

Health: -1/33      AC:  3    Str: 13    XL:     3   Next: 68%
Magic:  3/3        EV: 12    Int: 10    God:
Gold:   67         SH:  0    Dex: 15    Spells: 2/2 levels left

rFire   . . .        a - +0 hand axe
rCold   . . .        d - orb {light}
rNeg    . . .        h - +0 leather armour
rPois   .            (no helmet)
rElec   .            (no cloak)
rCorr   .            (no gloves)
SInv    .            (no boots)
Will    .....        (no amulet)
Stlth   +            (no ring)
HPRegen 0.25/turn    (no ring)
MPRegen 0.08/turn

%: no passive effects
@: glowing
A: no striking features
a: no special abilities


You were on level 2 of the Dungeon.
You visited 1 branch of the dungeon, and saw 3 of its levels.

You collected 67 gold pieces.

Inventory:

Hand Weapons
 a - a +0 hand axe (weapon)
Armour
 b - a +0 robe
 d - an orb of light (worn)
 h - a +0 leather armour (worn)
Scrolls
 e - 2 scrolls of identify {unknown}
 f - a scroll of teleportation {unknown}
Potions
 g - 2 potions of curing {unknown}
 i - a potion of mutation {unknown}


   Skills:
 + Level 4.1 Fighting
 + Level 5.0 Axes
 + Level 2.9 Dodging


You had 2 spell levels left.
You didn't know any spells.
Your spell library was empty.

Dungeon Overview and Level Annotations

Branches:
Dungeon (3/15)

Altars:


Message History

You are confused.
You feel invigorated.
You feel sick. The adder barely misses you. The gnoll misses you.
You feel sick.
You are no longer poisoned.
You miss the adder.
The adder is moderately wounded.
You hit the gnoll. The adder closely misses you.
The gnoll completely misses you. The adder bites you.
You hit the adder.
The adder is almost dead.
You hit the gnoll. The adder bites you.
You are poisoned.
The adder poisons you! The gnoll completely misses you.
You feel sick. The adder barely misses you.
You hit the gnoll but do no damage.
The gnoll is heavily wounded.
You barely miss the adder.
You feel sick. The adder closely misses you. The gnoll hits you with a +0 whip!
The adder barely misses you.
You hit the gnoll but do no damage.
The gnoll is heavily wounded.
You hit the adder but do no damage.
You feel sick. The adder bites you. The gnoll barely misses you.
Unknown command.
You feel sick. The adder bites you.
You feel less invigorated.
You feel less confused.
You feel sick.
You hit the gnoll.
The gnoll is severely wounded.
You hit the adder.
You kill the adder!
You feel sick. The gnoll hits you with a +0 whip.
* * * LOW HITPOINT WARNING * * *
You hit the gnoll.
The gnoll is almost dead.
You feel sick.
You are no longer poisoned.
The gnoll hits you with a +0 whip!
You die...

#############
##.....#.....#
##...(>........
#..............
#..............
#....†g........
#....@.........
#..............
#..............
##.............
##.....#.#####
###...### #...#
#...#


You could see a gnoll.

Vanquished Creatures
  An adder (D:2)
  A worm (D:2)
  A dart slug (D:1)
  A bat (D:3)
  3 giant cockroaches (D:1)
  2 goblins
  A hobgoblin (D:2)
  8 jackals
  2 quokkas
  2 ball pythons (D:1)
  2 frilled lizards (D:1)
  2 kobolds (D:1)
  5 rats
31 creatures vanquished.

Notes
Turn   | Place    | Note
-------+----------+-------------------------------------------
     0 | D:1      | randomguy2701 the Hill Orc Monk began the quest for the
                  | Orb.
     0 | D:1      | Reached XP level 1. HP: 19/19 MP: 1/1
   140 | D:1      | Reached XP level 2. HP: 27/27 MP: 2/2
   636 | D:2      | Reached XP level 3. HP: 19/33 MP: 3/3
   812 | D:3      | Reached skill level 5 in Axes
   857 | D:2      | Slain by a gnoll

Illustrated notes

Levels and vault maps discovered:
D:1:      elethiomel_arrival_quiet, layout_basic
D:2:      kennysheep_six_static_rooms, layout_rooms, serial_shops, shop,
          grunt_ministairs_7, columned_hall_lemuel, reono_crystal_passage,
          hangedman_glass_teeth, minmay_pentomino_v4
D:3:      layout_loops_ring, grunt_temple_overflow_opulence,
          mainiacjoe_overflow_boulevard, st_stairs_7, uniq_robin

Skill      XL: |  1  2  3 |
---------------+----------+-----
Fighting       | 4 |  4.1
Axes           | 5 |  5.0
Dodging        | |  2.9

Action                     || total
---------------------------++-------
  Melee: Hand axe          ||    91
    Use: Potion            ||     1
 Armour: Robe              ||     7
         Leather armour    ||     9
  Dodge: Dodged            ||    86

Table legend: (Time is in decaauts)
 A = Elapsed time spent in this place.
 B = Non-inter-level travel time spent in this place.
 C = Inter-level travel time spent in this place.
 D = Time resting spent in this place.
 E = Time spent auto-exploring this place.
 F = Levels seen in this place.
 G = Mean time per level.
                   A        B        C        D        E       F      G
               +--------+--------+--------+--------+--------+-----+--------+
         Total |    863 |    813 |     50 |      0 |    611 |   3 |  287.7 |
       Dungeon |    863 |    813 |     50 |      0 |    611 |   3 |  287.7 |
               +--------+--------+--------+--------+--------+-----+--------+

Top non-repeatable levels by time:
     D:1: 635 daAuts
     D:2: 184 daAuts
     D:3: 44 daAuts
